 Dungeon Crawl Stone Soup version 0.29-a0-483-g69413ace17 (webtiles) character file.

Game seed: 8591810392681276773

11 oldark the Magician (level 2, 19/19 HPs)
             Began as a Human Hedge Wizard on May 26, 2022.
             Was a Follower of Fedhas.
             Got out of the dungeon alive.
             The game lasted 00:02:25 (990 turns).

oldark the Magician (Human Hedge Wizard)             Turns: 990, Time: 00:02:26

Health: 19/19      AC:  3    Str: 10    XL:     2   Next: 40%
Magic:  6/6        EV: 12    Int: 14    God:    Fedhas [*.....]
Gold:   39         SH:  0    Dex: 12    Spells: 6/7 levels left

rFire   . . .      SeeInvis .   a - +0 dagger
rCold   . . .      Faith    .   (no shield)
rNeg    . . .      Spirit   .   b - +0 robe
rPois   .          Reflect  .   c - +0 hat
rElec   .          Harm     .   (no cloak)
rCorr   .          Rampage  .   (no gloves)
Will    .....                   g - +0 pair of boots
Stlth   ++........              (no amulet)
HPRegen 0.06/turn               (no ring)
MPRegen 0.10/turn               (no ring)

@: no status effects
A: no striking features
a: Renounce Religion


You escaped.
You worshipped Fedhas.
Fedhas was aware of your devotion.
You visited 1 branch of the dungeon, and saw 1 of its levels.

You collected 39 gold pieces.

Inventory:

Hand Weapons
 a - a +0 dagger (weapon)
Armour
 b - a +0 robe (worn)
 c - a +0 hat (worn)
 g - a +0 pair of boots (worn)
Potions
 d - a potion of magic
 e - 2 potions of mutation {unknown}
 f - a potion of ambrosia {unknown}
 h - a potion of haste {unknown}
 i - a potion of curing {unknown}
 j - a potion of flight {unknown}


   Skills:
 - Level 2.0 Dodging
 - Level 2.0 Stealth
 + Level 3.1 Spellcasting
 + Level 1.3 Conjurations
 + Level 1.4 Summonings
 + Level 1.3 Translocations


You had 6 spell levels left.
You knew the following spells:

 Your Spells              Type           Power      Damage    Failure   Level
a - Magic Dart            Conj           20%        1d4       12%         1

Your spell library contained the following spells:

 Spells                   Type           Power      Damage    Failure   Level
 Blink                    Tloc           10%        N/A       19%         2
 Call Imp                 Summ           6%         N/A       19%         2
 Slow                     Hex            8%         N/A       22%         1
 Conjure Flame            Conj/Fire      4%         6-21      43%         3
 Mephitic Cloud           Conj/Pois/Air  3%         N/A       47%         3


Dungeon Overview and Level Annotations

Branches:
Dungeon (1/15)

Altars:
Fedhas


Message History

You cannot tell which god this altar belongs to.
Convert to them anyway?
Fedhas accepts your prayer! Fedhas welcomes you!
The plants of the dungeon cease their hostilities.
Okay, then.
Okay, then.
Okay, then.
Unknown command.
Press < or > to pray at altars.
Unknown command.
Press < or > to pray at altars.
You are a level 2 Human Hedge Wizard.
You are 40% of the way to level 3.
Play time: 00:02:02 (800 turns).
Zot will find you in 5200 turns if you stay in this branch and explore no new floors.
Press: ? - help, v - describe, . - travel A blossoming altar of Fedhas.
Press: ? - help, v - describe, . - travel A blossoming altar of Fedhas.
There's nothing to open nearby.
Unknown command.
Press < or > to pray at altars.
Press: ? - help, v - describe, . - travel A blossoming altar of Fedhas.
There's nothing to open nearby.
There's nothing to open nearby.
You see here a human skeleton.
You now have 39 gold pieces (gained 7).
There is a stone staircase leading down here.
Things that are here:
a +0 dagger; a rat corpse You see here a bat corpse.
A rat comes into view.
A rat is nearby!
A rat is nearby!
There is a staircase leading out of the dungeon here.
Are you sure you want to leave the Dungeon?
This will make you lose the game!
Alright, then stay!
Unknown command.
Are you sure you want to leave the Dungeon?
This will make you lose the game!
You have escaped!

#..#.# ######### ###
#.###..#.###.......#
#..........#.#####.#
#####.#....#.# #.#
#.#.####.# #.# #.#.#
#.#####.# ### #.#.#
#.#.#.#.# ##.#####
#.#.# #.......#
#....... #.#.#
#...@...# ##.#####
#...# #.......# #.# #
##..# #.#.#.#.# ##.##
# #..#
##.#####.######.#.####
###..# #8.8#
#8.8.....###.##.
#....###...#
#...#####.#.###.
#..........# #...#
##.## #.
#.......######.### ###
#.
#.......#####...######
####.


There were no monsters in sight!

Vanquished Creatures
  An endoplasm (D:1)
  A goblin (D:1)
  A hobgoblin (D:1)
  2 quokkas (D:1)
  2 bats (D:1)
  2 frilled lizards (D:1)
  2 rats (D:1)
11 creatures vanquished.

Notes
Turn   | Place    | Note
-------+----------+-------------------------------------------
     0 | D:1      | oldark the Human Hedge Wizard began the quest for the Orb.
     0 | D:1      | Reached XP level 1. HP: 13/13 MP: 4/4
   537 | D:1      | Reached XP level 2. HP: 19/19 MP: 3/6
   786 | D:1      | Found a faded altar of an unknown god.
   799 | D:1      | Prayed at the altar of an unknown god.
   799 | D:1      | Became a worshipper of Fedhas Madash
   799 | D:1      | Reached * piety under Fedhas
   990 | D:$      | Got out of the dungeon alive.

Illustrated notes

Levels and vault maps discovered:
D:1:      psy_arrival_basics, layout_loops_ring,
          shapermc_ecumenical_altar_pompeii

Action                   || total
-------------------------++-------
Melee: Dagger            ||    18
 Cast: Magic Dart        ||    14
 Stab: Sleeping          ||     1
Armor: Robe              ||     6
Dodge: Dodged            ||     6

Table legend: (Time is in decaauts)
 A = Elapsed time spent in this place.
 B = Non-inter-level travel time spent in this place.
 C = Inter-level travel time spent in this place.
 D = Time resting spent in this place.
 E = Time spent auto-exploring this place.
 F = Levels seen in this place.
 G = Mean time per level.
                   A        B        C        D        E       F      G
               +--------+--------+--------+--------+--------+-----+--------+
         Total |    990 |    990 |      0 |    360 |    469 |   1 |  990.0 |
       Dungeon |    990 |    990 |      0 |    360 |    469 |   1 |  990.0 |
               +--------+--------+--------+--------+--------+-----+--------+

Top non-repeatable levels by time:
     D:1: 990 daAuts
